 Dungeon Crawl Stone Soup version 0.17-a0-2231-gd80ca38 (webtiles) character file.

18 Raultor the Sneak (level 2, 4/17 HPs)
             Began as an Octopode Enchanter on Oct 29, 2015.
             Quit the game on level 1 of the Dungeon.
             The game lasted 00:02:24 (754 turns).

Raultor the Sneak (Octopode Enchanter)               Turns: 754, Time: 00:02:25

Health: 4/17       AC:  1    Str:  7    XL:     2   Next: 70%
Magic:  5/5        EV: 12    Int: 17    God:
Gold:   7          SH:  0    Dex: 12    Spells: 2 memorised, 2 levels left

rFire  . . .     SeeInvis .     a - +1 dagger
rCold  . . .     Clarity  .     (no shield)
rNeg   . . .     SustAt   .     (helmet restricted)
rPois  .         Gourm    .     (no amulet)
rElec  .         Spirit   .     h - ring of loudness (curse)
rCorr  .         Warding  .     (no ring)
rMut   .         Stasis   .     (no ring)
MR     .....                    (no ring)
Stlth  +++.......               (no ring)
                                (no ring)
                                (no ring)
                                (no ring)

@: not resistant to hostile enchantments, fairly stealthy
A: almost no armour, amphibious, 8 rings, constrict 8, camouflage 1, gelatinous
body 1
a: no special abilities


You were on level 1 of the Dungeon.
You were not hungry.

You visited 1 branch of the dungeon, and saw 1 of its levels.

You collected 7 gold pieces.

Inventory:

Hand Weapons
 a - a +1 dagger (weapon)
Armour
 d - a +0 buckler
Jewellery
 h - a cursed ring of loudness (left tentacle)
Potions
 f - a potion of heal wounds
Books
 b - a book of Maledictions

   Spells                             Type                      Level
   a - Corona                         Hexes                        1
   b - Ensorcelled Hibernation        Hexes/Ice                    2
   c - Confuse                        Hexes                        3
   d - Tukima's Dance                 Hexes                        3
   e - Dazzling Spray                 Conjuration/Hexes            3
Comestibles
 c - 2 bread rations


   Skills:
 - Level 1.0 Short Blades
 - Level 2.0 Dodging
 + Level 4.9 Stealth
 - Level 2.0 Spellcasting
 + Level 3.4 Hexes


You had 2 spell levels left.
You knew the following spells:

 Your Spells              Type           Power        Failure   Level  Hunger
a - Corona                Hex            ##.....      6%          1    #......
b - Ensorcelled Hibernat  Hex/Ice        #.....       17%         2    ###....


Dungeon Overview and Level Annotations

Branches:
Dungeon (1/15)

Altars:


Innate Abilities, Weirdness & Mutations

You cannot wear most types of armour.
You are amphibious.
You can wear up to eight rings at the same time.
You can use your tentacles to constrict eight enemies at once.
Your skin changes colour to match your surroundings (Stealth).
Your rubbery body absorbs attacks (AC +1).


Message History

You hit the jackal. You grab the jackal.
The jackal is almost dead.
You constrict the jackal, but do no damage.
The jackal bites you. x2
The jackal barely misses you. The jackal closely misses you.
The jackal barely misses you. The jackal bites you.
You hit the jackal.
You kill the jackal!
The jackal bites you.
* * * LOW HITPOINT WARNING * * *
The jackal barely misses you. The jackal closely misses you.
You are too injured to fight recklessly!
You are too injured to fight recklessly!
You are too injured to fight recklessly!
You are too injured to fight recklessly!
You are too injured to fight recklessly!
You are too injured to fight recklessly!
You are too injured to fight recklessly!
You are too injured to fight recklessly!
Are you sure you want to abandon this character and quit the game? (Confirm with "yes".)

########## #.........
#......... #$ ##.........
####.##..hh......
...#.#..h@.......
.#.....#...[.....
###...###........
.#.....#.!.......
....#...##.##### #### .##
#.%....# #...
..#.#...######## #.##
.#.(..!#........#####.#.##
###...###..#...>......#.##


You could see 3 jackals.

Vanquished Creatures
  A goblin (D:1)
  5 hobgoblins (D:1)
  A jackal (D:1)
  A kobold (D:1)
  4 bats (D:1)
  2 giant newts (D:1)
  4 rats (D:1)
18 creatures vanquished.

Notes
Turn   | Place    | Note
--------------------------------------------------------------
     0 | D:1      | Raultor the Octopode Enchanter began the quest for the Orb.
     0 | D:1      | Reached XP level 1. HP: 11/11 MP: 3/3
   176 | D:1      | Reached XP level 2. HP: 10/17 MP: 3/5
   188 | D:1      | Learned a level 2 spell: Ensorcelled Hibernation
   754 | D:1      | Quit the game

Vault maps used:
D:1:      minmay_arrival_plants_in_alcoves, serial_glass, glass_columns_b,
          glass_columns_c, item_on_display_a, minmay_strange_pillars,
          minmay_strange_pillars

Action                   || total
-------------------------++-------
Melee: Dagger            ||    29
 Cast: Corona            ||     3
       Ensorcelled Hiber ||     1
  Use: Scroll            ||     1
 Stab: Sleeping          ||     9
